[ AOE2 MATCH · #513614480 ]
UnrankedCelts vs Slavs
Player's team · LOSS
Rival team · WIN
[ REPLAY ANALYSIS · EXTRACTED FROM THE RECORDED GAME ]
Feudal
12:16
Castle
22:35
Imperial
—
| APM avg | 43.9 |
| APM peak | 77 |
| eAPM avg | 17.6 |
| Villagers / military | 61 / 48 |
Focus
⚔️ 28.5% · 🌾 71.5%
Knight ×18 · Archer ×16 · Scout Cavalry ×6 · Scorpion ×4 · Mangonel ×3 · Battering Ram ×1
Feudal
10:33
Castle
22:24
Imperial
—
| APM avg | 54.6 |
| APM peak | 69 |
| eAPM avg | 25.4 |
| Villagers / military | 81 / 64 |
Focus
⚔️ 36.6% · 🌾 63.4%
Monk ×22 · Militia ×14 · Spearman ×12 · Skirmisher ×9 · Mangonel ×6 · Battering Ram ×1
Match map
Initial resources + every placement click. Lines = walls · curves = elevation contours. ◆ gold · ⬟ stone · ● berries · ✦ relic · ◌ wall gap
Your base· Open — 4t gap
avlid's base· Open — 4t gap
Smoothed initial terrain · ◌ = detected wall gap · hover for details
Inputs per minute
— alican43 - - avlid
Build order — alican43
First 150 of 190 actions detected
| 0:00 | Queue | Villager (Male) |
| 0:00 | Queue | Villager (Male) |
| 0:01 | Queue | Villager (Male) |
| 0:02 | Build | House |
| 0:03 | Build | House |
| 0:16 | Queue | Villager (Male) |
| 1:35 | Queue | Villager (Male) |
| 1:35 | Queue | Villager (Male) |
| 1:55 | Queue | Villager (Male) |
| 2:18 | Research | Loom |
| 2:34 | Build | Lumber Camp |
| 2:37 | Queue | Villager (Male) |
| 2:37 | Queue | Villager (Male) |
| 2:57 | Queue | Villager (Male) |
| 3:22 | Queue | Villager (Male) |
| 3:41 | Queue | Villager (Male) |
| 4:26 | Build | Mill |
| 4:44 | Build | House |
| 4:45 | Queue | Villager (Male) |
| 5:00 | Queue | Villager (Male) |
| 5:54 | Queue | Villager (Male) |
| 5:54 | Queue | Villager (Male) |
| 6:11 | Build | House |
| 6:19 | Queue | Villager (Male) |
| 6:45 | Queue | Villager (Male) |
| 7:26 | Build | Barracks |
| 7:40 | Queue | Villager (Male) |
| 8:03 | Queue | Villager (Male) |
| 8:09 | Build | Mill |
| 8:50 | Queue | Villager (Male) |
| 9:06 | Build | Mining Camp |
| 9:16 | Build | Farm |
| 9:20 | Build | Farm |
| 10:06 | Research | Feudal Age |
| 10:13 | Build | House |
| 10:15 | Build | Palisade Wall |
| 10:35 | Build | Farm |
| 10:48 | Build | House |
| 10:49 | Build | House |
| 11:14 | Build | Farm |
| 11:17 | Build | Farm |
| 12:16 | Age | Feudal Age |
| 12:18 | Build | Archery Range |
| 12:19 | Queue | Villager (Male) |
| 12:20 | Queue | Villager (Male) |
| 12:40 | Research | Double-Bit Axe |
| 12:51 | Build | House |
| 12:57 | Queue | Archer |
| 12:57 | Queue | Archer |
| 13:05 | Queue | Villager (Male) |
| 13:11 | Build | House |
| 13:14 | Queue | Archer |
| 13:19 | Queue | Villager (Male) |
| 13:29 | Queue | Archer |
| 13:40 | Build | Blacksmith |
| 13:48 | Queue | Villager (Male) |
| 13:52 | Build | Farm |
| 13:53 | Queue | Archer |
| 14:07 | Queue | Archer |
| 14:17 | Queue | Archer |
| 14:19 | Build | Farm |
| 14:20 | Build | Farm |
| 14:22 | Research | Fletching |
| 14:24 | Queue | Villager (Male) |
| 14:29 | Queue | Archer |
| 14:38 | Queue | Archer |
| 14:41 | Build | Farm |
| 14:43 | Queue | Villager (Male) |
| 14:51 | Queue | Archer |
| 14:57 | Build | Farm |
| 15:09 | Queue | Archer |
| 15:11 | Queue | Villager (Male) |
| 15:47 | Queue | Archer |
| 15:48 | Queue | Archer |
| 15:51 | Build | Farm |
| 15:52 | Build | Farm |
| 16:08 | Research | Padded Archer Armor |
| 16:10 | Queue | Villager (Male) |
| 16:11 | Queue | Villager (Male) |
| 16:14 | Build | Farm |
| 16:27 | Build | Farm |
| 16:29 | Build | Farm |
| 16:35 | Build | Farm |
| 16:57 | Queue | Archer |
| 17:20 | Build | House |
| 17:27 | Build | Watch Tower |
| 17:52 | Queue | Villager (Male) |
| 17:53 | Queue | Villager (Male) |
| 17:56 | Build | Farm |
| 18:17 | Build | Market |
| 18:22 | Queue | Archer |
| 19:05 | Queue | Archer |
| 19:56 | Research | Castle Age |
| 20:19 | Build | Farm |
| 20:52 | Build | Lumber Camp |
| 21:07 | Build | House |
| 21:27 | Build | Farm |
| 21:29 | Build | Farm |
| 21:30 | Build | Farm |
| 21:49 | Research | Gold Mining |
| 22:06 | Build | Stable |
| 22:35 | Age | Castle Age |
| 22:42 | Build | Siege Workshop |
| 22:49 | Queue | Knight |
| 22:49 | Queue | Knight |
| 22:55 | Queue | Villager (Male) |
| 22:55 | Queue | Villager (Male) |
| 22:57 | Build | Blacksmith |
| 23:13 | Queue | Mangonel |
| 23:13 | Queue | Mangonel |
| 23:18 | Queue | Villager (Male) |
| 23:28 | Research | Scale Barding Armor |
| 23:44 | Queue | Knight |
| 23:49 | Queue | Mangonel |
| 23:52 | Build | House |
| 23:54 | Build | House |
| 24:03 | Queue | Knight |
| 24:05 | Build | House |
| 24:20 | Queue | Knight |
| 24:22 | Research | Forging |
| 24:27 | Queue | Villager (Male) |
| 24:27 | Queue | Villager (Male) |
| 24:34 | Queue | Villager (Male) |
| 24:52 | Queue | Knight |
| 25:26 | Queue | Knight |
| 26:19 | Queue | Villager (Male) |
| 26:32 | Queue | Battering Ram |
| 26:33 | Queue | Knight |
| 26:33 | Queue | Knight |
| 26:34 | Queue | Villager (Male) |
| 26:44 | Queue | Villager (Male) |
| 27:24 | Queue | Scout Cavalry |
| 27:25 | Queue | Villager (Male) |
| 27:30 | Build | Market |
| 28:00 | Queue | Scout Cavalry |
| 28:00 | Queue | Scout Cavalry |
| 28:21 | Queue | Villager (Male) |
| 28:21 | Queue | Villager (Male) |
| 28:28 | Build | Town Center |
| 28:43 | Queue | Knight |
| 28:44 | Queue | Knight |
| 28:59 | Queue | Villager (Male) |
| 28:59 | Queue | Villager (Male) |
| 29:02 | Build | Lumber Camp |
| 29:04 | Build | Mill |
| 29:04 | Build | Farm |
| 29:05 | Build | Farm |
| 29:05 | Build | Farm |
| 29:05 | Build | Farm |
| 29:05 | Build | Farm |
Build order — avlid
First 150 of 250 actions detected
| 0:00 | Queue | Villager (Male) |
| 0:00 | Queue | Villager (Male) |
| 0:01 | Build | House |
| 0:02 | Build | House |
| 0:12 | Research | Loom |
| 0:35 | Queue | Villager (Male) |
| 0:35 | Queue | Villager (Male) |
| 0:50 | Queue | Villager (Male) |
| 1:19 | Build | House |
| 1:32 | Queue | Villager (Male) |
| 2:21 | Queue | Villager (Male) |
| 2:58 | Queue | Villager (Male) |
| 2:59 | Queue | Villager (Male) |
| 3:20 | Queue | Villager (Male) |
| 3:39 | Build | Lumber Camp |
| 3:45 | Queue | Villager (Male) |
| 3:46 | Queue | Villager (Male) |
| 4:26 | Queue | Villager (Male) |
| 4:27 | Build | House |
| 4:51 | Queue | Villager (Male) |
| 5:24 | Queue | Villager (Male) |
| 5:50 | Queue | Villager (Male) |
| 6:05 | Build | Mill |
| 6:13 | Queue | Villager (Male) |
| 6:24 | Build | House |
| 6:39 | Queue | Villager (Male) |
| 7:05 | Queue | Villager (Male) |
| 7:29 | Queue | Villager (Male) |
| 7:57 | Queue | Villager (Male) |
| 8:20 | Research | Feudal Age |
| 8:45 | Build | Barracks |
| 8:56 | Build | House |
| 9:24 | Build | Mining Camp |
| 9:38 | Queue | Militia |
| 9:38 | Queue | Militia |
| 10:15 | Build | Farm |
| 10:18 | Queue | Villager (Male) |
| 10:23 | Queue | Militia |
| 10:33 | Age | Feudal Age |
| 10:36 | Research | Man-at-Arms (upgrade) |
| 10:41 | Build | Farm |
| 10:48 | Build | Farm |
| 10:50 | Build | Farm |
| 10:54 | Queue | Villager (Male) |
| 10:56 | Build | Farm |
| 11:16 | Build | House |
| 11:17 | Build | House |
| 11:21 | Queue | Villager (Male) |
| 11:26 | Build | Farm |
| 11:27 | Build | Farm |
| 11:44 | Queue | Villager (Male) |
| 11:52 | Queue | Militia |
| 12:11 | Queue | Villager (Male) |
| 12:20 | Build | Farm |
| 12:23 | Research | Double-Bit Axe |
| 12:32 | Queue | Villager (Male) |
| 12:40 | Build | House |
| 12:46 | Queue | Militia |
| 12:59 | Queue | Villager (Male) |
| 13:05 | Build | Farm |
| 13:17 | Queue | Militia |
| 13:21 | Queue | Villager (Male) |
| 13:29 | Build | House |
| 13:30 | Build | House |
| 13:38 | Build | Archery Range |
| 13:40 | Queue | Villager (Male) |
| 13:48 | Research | Horse Collar |
| 14:00 | Queue | Villager (Male) |
| 14:18 | Queue | Villager (Male) |
| 14:28 | Queue | Militia |
| 14:34 | Queue | Skirmisher |
| 14:36 | Queue | Villager (Male) |
| 14:38 | Build | Blacksmith |
| 14:55 | Queue | Villager (Male) |
| 14:59 | Build | Farm |
| 15:03 | Build | House |
| 15:05 | Build | House |
| 15:07 | Build | Palisade Wall |
| 15:09 | Queue | Skirmisher |
| 15:09 | Queue | Skirmisher |
| 15:15 | Queue | Villager (Male) |
| 15:18 | Queue | Skirmisher |
| 15:24 | Research | Fletching |
| 15:49 | Research | Padded Archer Armor |
| 15:51 | Build | Farm |
| 15:51 | Build | Farm |
| 15:51 | Build | Farm |
| 15:51 | Build | Farm |
| 15:52 | Build | Farm |
| 15:53 | Queue | Villager (Male) |
| 16:12 | Queue | Villager (Male) |
| 16:12 | Queue | Villager (Male) |
| 16:20 | Queue | Skirmisher |
| 16:23 | Build | Farm |
| 16:25 | Queue | Villager (Male) |
| 16:45 | Queue | Villager (Male) |
| 16:57 | Build | Farm |
| 16:59 | Build | Farm |
| 17:02 | Build | Lumber Camp |
| 17:22 | Queue | Skirmisher |
| 17:22 | Queue | Skirmisher |
| 17:24 | Research | Scale Mail Armor |
| 17:46 | Queue | Skirmisher |
| 17:48 | Queue | Villager (Male) |
| 17:48 | Queue | Villager (Male) |
| 18:02 | Queue | Skirmisher |
| 18:03 | Queue | Villager (Male) |
| 18:19 | Research | Wheelbarrow |
| 18:24 | Build | Market |
| 19:04 | Queue | Villager (Male) |
| 19:17 | Build | Farm |
| 19:17 | Build | Farm |
| 19:17 | Build | Farm |
| 19:41 | Research | Castle Age |
| 20:37 | Queue | Militia |
| 20:37 | Queue | Militia |
| 20:45 | Build | Barracks |
| 20:49 | Build | Mining Camp |
| 20:54 | Research | Gold Mining |
| 21:04 | Queue | Militia |
| 21:28 | Queue | Villager (Male) |
| 21:44 | Build | Farm |
| 21:44 | Build | Farm |
| 21:53 | Queue | Militia |
| 21:58 | Queue | Militia |
| 22:24 | Age | Castle Age |
| 22:29 | Research | Long Swordsman (upgrade) |
| 22:29 | Research | Squires |
| 22:34 | Build | Siege Workshop |
| 22:39 | Research | Bodkin Arrow |
| 22:51 | Queue | Villager (Male) |
| 22:56 | Research | Elite Skirmisher (upgrade) |
| 23:15 | Queue | Villager (Male) |
| 23:15 | Queue | Villager (Male) |
| 23:18 | Queue | Battering Ram |
| 23:19 | Build | House |
| 23:22 | Build | Monastery |
| 23:37 | Queue | Villager (Male) |
| 23:41 | Research | Town Watch |
| 23:47 | Queue | Mangonel |
| 23:53 | Queue | Militia |
| 23:54 | Queue | Militia |
| 24:07 | Research | Bow Saw |
| 24:09 | Build | House |
| 24:18 | Queue | Mangonel |
| 24:19 | Build | House |
| 24:24 | Queue | Villager (Male) |
| 24:33 | Research | Heavy Plow |
| 24:54 | Build | House |
| 24:57 | Queue | Monk |
Match timeline
| 7:26 | alican43 · first_building Barracks |
| 8:45 | avlid · first_building Barracks |
| 10:15 | alican43 · wall_segment Palisade Wall x3 |
| 10:33 | avlid · age_up feudal |
| 12:16 | alican43 · age_up feudal |
| 12:18 | alican43 · first_building Archery Range |
| 13:38 | avlid · first_building Archery Range |
| 15:07 | avlid · wall_segment Palisade Wall x1 |
| 19:11 | alican43 · first_market_sell 100 wood |
| 19:12 | alican43 · first_market_buy 100 food |
| 19:27 | avlid · first_market_sell 100 wood |
| 19:28 | avlid · first_market_buy 100 food |
| 22:06 | alican43 · first_building Stable |
| 22:24 | avlid · age_up castle |
| 22:34 | avlid · first_building Siege Workshop |
| 22:35 | alican43 · age_up castle |
| 22:42 | alican43 · first_building Siege Workshop |
| 23:22 | avlid · first_building Monastery |
| 30:33 | avlid · wall_segment Palisade Wall x1 |
| 30:34 | avlid · wall_segment Palisade Wall x1 |
| 34:30 | alican43 · resign |
[ AI ANALYSIS · 1 CREDIT ]
What really happened in this match?
Wolo.gg analyzes every decision: build order, eco, micro, common mistakes by bracket. Personalized analysis on WhatsApp or Discord in 30 seconds.
Civ guide
Celts
Perfil
Jugador #4288723